TOP OF THE 1ST |
Toronto Blue Jays batting - Pitching for New York Yankees : RHP Karel Heuvelink
|
Pitching: RHP Karel Heuvelink
|
|
Batting: RHB Donny Burnside
|
0-0: Fly out, F3 (Popup, 34, EV 66.9 MPH)
|
Batting: LHB Michael Byrd
|
0-0: Ball 1-0: Called Strike 1-1: Ground out 4-3 (Groundball, 4, EV 93.8 MPH)
|
Batting: SHB Mark Rennie
|
0-0: SINGLE (Line Drive, 8LS, EV 108.1 MPH)
|
Batting: RHB Kirk Arp
|
0-0: Ball 1-0: Called Strike 1-1: Foul Ball, location: 2F 1-2: Ball 2-2: Ball 3-2: Foul Ball, location: 2F 3-2: Strikes out swinging
|
Top of the 1st over - 0 runs, 1 hit, 0 errors, 1 left on base; Toronto 0 - New York 0 |
BOTTOM OF THE 1ST |
New York Yankees batting - Pitching for Toronto Blue Jays : LHP Stacy Hootentootin
|
Pitching: LHP Stacy Hootentootin
|
|
Batting: LHB Jason Peck
|
0-0: Called Strike 0-1: Called Strike 0-2: Strikes out swinging
|
Batting: RHB C.J. Richerson
|
0-0: Ball 1-0: Called Strike 1-1: Fly out, F8 (Flyball, 8LD, EV 93.8 MPH)
|
Batting: LHB Evan Torraville
|
0-0: Ball 1-0: Ball 2-0: Ground out 6-3 (Groundball, 56, EV 88.8 MPH)
|
Bottom of the 1st over - 0 runs, 0 hits, 0 errors, 0 left on base; Toronto 0 - New York 0 |
TOP OF THE 2ND |
Toronto Blue Jays batting - Pitching for New York Yankees : RHP Karel Heuvelink
|
Batting: SHB Zory Larikov
|
0-0: Called Strike 0-1: Ball 1-1: Ball 2-1: Ball 3-1: Foul Ball, location: 2F 3-2: SINGLE (Groundball, 4D, EV 95.6 MPH)
|
Batting: LHB Bob Branham
|
0-0: Foul Ball, location: 2F 0-1: Grounds into double play, 4-6-3 (Groundball, 3, EV 83.1 MPH)
|
Batting: RHB Ruben Velasco
|
0-0: Called Strike 0-1: Ball 1-1: Foul Ball, location: 2F 1-2: Ball 2-2: Foul Ball, location: 2F 2-2: Foul Ball, location: 2F 2-2: Foul Ball, location: 2F 2-2: Fly out, F8 (Line Drive, 8RM, EV 95.6 MPH)
|
Top of the 2nd over - 0 runs, 1 hit, 0 errors, 0 left on base; Toronto 0 - New York 0 |
BOTTOM OF THE 2ND |
New York Yankees batting - Pitching for Toronto Blue Jays : LHP Stacy Hootentootin
|
Batting: SHB Bartholomeu Chambino
|
0-0: Called Strike 0-1: Foul Ball, location: 2F 0-2: Foul Ball, location: 2F 0-2: Ball 1-2: Ground out 4-3 (Groundball, 4M, EV 104.4 MPH)
|
Batting: RHB Sean Neuroth
|
0-0: Called Strike 0-1: Foul Ball, location: 2F 0-2: Ground out 4-3 (Groundball, 4, EV 78.1 MPH)
|
Batting: LHB Jim Skare
|
0-0: Ball 1-0: Foul Ball, location: 2F 1-1: Swinging Strike 1-2: Strikes out swinging
|
Bottom of the 2nd over - 0 runs, 0 hits, 0 errors, 0 left on base; Toronto 0 - New York 0 |
TOP OF THE 3RD |
Toronto Blue Jays batting - Pitching for New York Yankees : RHP Karel Heuvelink
|
Batting: LHB Jon Schick
|
0-0: Ball 1-0: Called Strike 1-1: Ball 2-1: Ground out U3 (Groundball, 3, EV 88.8 MPH)
|
Batting: RHB Tommy Mize
|
0-0: Ball 1-0: Ball 2-0: Ground out 4-3 (Groundball, 4, EV 78.8 MPH)
|
Batting: RHB Donny Burnside
|
0-0: Foul Ball, location: 2F 0-1: Ball 1-1: Ball 2-1: Ball 3-1: Foul Ball, location: 2F 3-2: Base on Balls
|
Batting: LHB Michael Byrd
|
0-0: Ball Donny Burnside steals 2nd base 1-0: Ball 2-0: Ball 3-0: Base on Balls
|
Batting: SHB Mark Rennie
|
0-0: Ground out 4-3 (Groundball, 4, EV 81.9 MPH)
|
Top of the 3rd over - 0 runs, 0 hits, 0 errors, 2 left on base; Toronto 0 - New York 0 |
BOTTOM OF THE 3RD |
New York Yankees batting - Pitching for Toronto Blue Jays : LHP Stacy Hootentootin
|
Batting: LHB Jordan de Jesus
|
0-0: Ball 1-0: Called Strike 1-1: Foul Ball, location: 2F 1-2: Ball 2-2: Ball 3-2: Ground out 5-3 (Groundball, 56S, EV 81.9 MPH)
|
Batting: LHB David Bramble
|
0-0: Called Strike 0-1: Foul Ball, location: 2F 0-2: Foul Ball, location: 2F 0-2: Ball 1-2: Ground out 4-3 (Groundball, 34D, EV 102.5 MPH)
|
Batting: LHB Brad Ritter
|
0-0: Ground out 1-3 (Groundball, 13S, EV 67.5 MPH)
|
Bottom of the 3rd over - 0 runs, 0 hits, 0 errors, 0 left on base; Toronto 0 - New York 0 |
TOP OF THE 4TH |
Toronto Blue Jays batting - Pitching for New York Yankees : RHP Karel Heuvelink
|
Batting: RHB Kirk Arp
|
0-0: Ground out 5-3 (Groundball, 5, EV 81.9 MPH)
|
Batting: SHB Zory Larikov
|
0-0: Ball 1-0: Ball 2-0: Foul Ball, location: 2F 2-1: Foul Ball, location: 2F 2-2: Ball 3-2: Base on Balls
|
Batting: LHB Bob Branham
|
0-0: Called Strike 0-1: Ball Pickoff Throw to First - Error! E1 Zory Larikov to second 1-1: Called Strike Zory Larikov steals 3rd base 1-2: Ball 2-2: Fly out, F7 (Flyball, 7, EV 87.5 MPH)
|
Batting: RHB Ruben Velasco
|
0-0: Called Strike 0-1: Ball 1-1: Ball 2-1: Ball 3-1: Foul Ball, location: 2F 3-2: Base on Balls
|
Batting: LHB Jon Schick
|
0-0: Ball 1-0: Called Strike 1-1: Ball 2-1: Swinging Strike 2-2: Foul Ball, location: 2F 2-2: Foul Ball, location: 2F 2-2: Reached on error, E1 (Groundball, 13S, EV 63.8 MPH) Zory Larikov scores Ruben Velasco to third
|
Batting: RHB Tommy Mize
|
0-0: Ball 1-0: Ball 2-0: Foul Ball, location: 2F 2-1: Ball 3-1: Foul Ball, location: 2F 3-2: Fly out, F9 (Flyball, 9S, EV 89.4 MPH)
|
Top of the 4th over - 1 run, 0 hits, 2 errors, 2 left on base; Toronto 1 - New York 0 |
BOTTOM OF THE 4TH |
New York Yankees batting - Pitching for Toronto Blue Jays : LHP Stacy Hootentootin
|
Batting: LHB Jason Peck
|
0-0: Foul Ball, location: 2F 0-1: Ball 1-1: Swinging Strike 1-2: SINGLE (Groundball, 4M, EV 80.0 MPH) (infield hit)
|
Batting: RHB C.J. Richerson
|
0-0: Called Strike Jason Peck steals 2nd base (no throw) 0-1: Swinging Strike 0-2: Strikes out looking
|
Batting: LHB Evan Torraville
|
0-0: 2-RUN HOME RUN (Flyball, 7D, EV 97.5 MPH), Distance : 372 ft
|
Batting: SHB Bartholomeu Chambino
|
0-0: Swinging Strike 0-1: Called Strike 0-2: Foul Ball, location: 2F 0-2: Fly out, F8 (Flyball, 8RM, EV 96.2 MPH)
|
Batting: RHB Sean Neuroth
|
0-0: Ground out 6-3 (Groundball, 6M, EV 83.1 MPH)
|
Bottom of the 4th over - 2 runs, 2 hits, 0 errors, 0 left on base; Toronto 1 - New York 2 |
TOP OF THE 5TH |
Toronto Blue Jays batting - Pitching for New York Yankees : RHP Karel Heuvelink
|
Batting: RHB Donny Burnside
|
0-0: Ball 1-0: Ball 2-0: Called Strike 2-1: TRIPLE (Line Drive, 8RD, EV 100.6 MPH)
|
Batting: LHB Michael Byrd
|
0-0: Foul Ball, location: 2F 0-1: Ball 1-1: Ball 2-1: Ball 3-1: Base on Balls
|
Batting: SHB Mark Rennie
|
0-0: Ball Wild Pitch! Donny Burnside scores Michael Byrd to second 1-0: Swinging Strike 1-1: Ball 2-1: Foul Ball, location: 2F 2-2: Ball 3-2: Base on Balls
|
Pitching: RHP Jason Greene
|
|
Batting: RHB Kirk Arp
|
0-0: SINGLE (Line Drive, 6M, EV 99.4 MPH) Michael Byrd to third Mark Rennie to second
|
Batting: SHB Zory Larikov
|
0-0: Ball 1-0: Called Strike 1-1: Foul Ball, location: 2F 1-2: Fly out, F9 (Flyball, 89XD, EV 110.0 MPH) Runner from 3rd tags up, SCORES, no throw by RF Mark Rennie to third
|
Batting: LHB Bob Branham
|
0-0: Ball 1-0: Called Strike 1-1: Foul Ball, location: 2F 1-2: Ball 2-2: Ball 3-2: SINGLE (Groundball, 6MD, EV 98.1 MPH) Mark Rennie scores Kirk Arp to second Runner from 2nd tries for 3rd, SAFE, throw by CF made to third Bob Branham to second
|
Batting: RHB Ruben Velasco
|
0-0: Called Strike 0-1: Foul Ball, location: 2F 0-2: Foul Ball, location: 2F 0-2: Ball 1-2: Ball 2-2: DOUBLE (Groundball, 5D, EV 103.1 MPH) Kirk Arp scores Bob Branham scores
|
Batting: LHB Jon Schick
|
0-0: Ball 1-0: Foul Ball, location: 2F 1-1: Called Strike 1-2: Ground out 3-1 (Groundball, 34, EV 81.9 MPH) Ruben Velasco to third
|
Pitching: RHP Tom Kelley
|
|
Batting: RHB Tommy Mize
|
0-0: Called Strike 0-1: Called Strike 0-2: Foul Ball, location: 2F 0-2: Strikes out swinging
|
Top of the 5th over - 5 runs, 4 hits, 0 errors, 1 left on base; Toronto 6 - New York 2 |
BOTTOM OF THE 5TH |
New York Yankees batting - Pitching for Toronto Blue Jays : LHP Stacy Hootentootin
|
Batting: LHB Jim Skare
|
0-0: Foul Ball, location: 2F 0-1: Foul Ball, location: 2F 0-2: Foul Ball, location: 2F 0-2: Foul Ball, location: 2F 0-2: Strikes out looking
|
Batting: LHB Jordan de Jesus
|
0-0: Swinging Strike 0-1: Called Strike 0-2: Ball 1-2: Strikes out swinging
|
Batting: LHB David Bramble
|
0-0: Ground out U3 (Groundball, 34S, EV 86.2 MPH)
|
Bottom of the 5th over - 0 runs, 0 hits, 0 errors, 0 left on base; Toronto 6 - New York 2 |
TOP OF THE 6TH |
Toronto Blue Jays batting - Pitching for New York Yankees : RHP Tom Kelley
|
Batting: RHB Donny Burnside
|
0-0: Fly out, F3 (Flyball, 3D, EV 73.8 MPH)
|
Batting: LHB Michael Byrd
|
0-0: Swinging Strike 0-1: Ground out 4-3 (Groundball, 13, EV 85.6 MPH)
|
Batting: SHB Mark Rennie
|
0-0: Called Strike 0-1: Foul Ball, location: 2F 0-2: Ball 1-2: Reached on error, E9 (Flyball, 9D, EV 108.8 MPH)
|
Batting: RHB Kirk Arp
|
0-0: Ball 1-0: Called Strike 1-1: Ball 2-1: SINGLE (Groundball, 25, EV 70.0 MPH) (infield hit) Mark Rennie to third
|
Batting: SHB Zory Larikov
|
0-0: Ball Kirk Arp steals 2nd base 1-0: Ball 2-0: Called Strike 2-1: Foul Ball, location: 2F 2-2: Foul Ball, location: 2F 2-2: Strikes out swinging
|
Top of the 6th over - 0 runs, 1 hit, 1 error, 2 left on base; Toronto 6 - New York 2 |
BOTTOM OF THE 6TH |
New York Yankees batting - Pitching for Toronto Blue Jays : LHP Stacy Hootentootin
|
Batting: LHB Brad Ritter
|
0-0: Fly out, F4 (Popup, 4D, EV 51.2 MPH)
|
Batting: LHB Jason Peck
|
0-0: Foul Ball, location: 2F 0-1: Foul Ball, location: 2F 0-2: Strikes out looking
|
Batting: RHB C.J. Richerson
|
0-0: Called Strike 0-1: Ball 1-1: Ground out 5-3 (Groundball, 56S, EV 71.9 MPH)
|
Bottom of the 6th over - 0 runs, 0 hits, 0 errors, 0 left on base; Toronto 6 - New York 2 |
TOP OF THE 7TH |
Toronto Blue Jays batting - Pitching for New York Yankees : RHP Tom Kelley
|
Pitching: LHP David Ibarra
|
|
Batting: LHB Bob Branham
|
0-0: Called Strike 0-1: SOLO HOME RUN (Flyball, 7LD, EV 91.2 MPH), Distance : 328 ft
|
Batting: RHB Ruben Velasco
|
0-0: Ball 1-0: Called Strike 1-1: Called Strike 1-2: Ball 2-2: Fly out, F4 (Popup, 4M, EV 59.4 MPH)
|
Batting: LHB Jon Schick
|
0-0: Ball 1-0: Foul Ball, location: 2F 1-1: Foul Ball, location: 2F 1-2: Foul Ball, location: 2F 1-2: Ball 2-2: Foul Ball, location: 2F 2-2: Ball 3-2: Ground out 5-3 (Groundball, 56D, EV 101.2 MPH)
|
Batting: RHB Tommy Mize
|
0-0: Called Strike 0-1: Ground out 6-3 (Groundball, 6, EV 106.2 MPH)
|
Top of the 7th over - 1 run, 1 hit, 0 errors, 0 left on base; Toronto 7 - New York 2 |
BOTTOM OF THE 7TH |
New York Yankees batting - Pitching for Toronto Blue Jays : LHP Stacy Hootentootin
|
Batting: LHB Evan Torraville
|
0-0: Called Strike 0-1: Ground out U3 (Groundball, 34S, EV 66.9 MPH)
|
Batting: SHB Bartholomeu Chambino
|
0-0: Called Strike 0-1: Swinging Strike 0-2: Ball 1-2: Foul Ball, location: 2F 1-2: Fly out, F7 (Line Drive, 7, EV 102.5 MPH)
|
Batting: RHB Sean Neuroth
|
0-0: Foul Ball, location: 2F 0-1: Ball 1-1: Ball 2-1: SINGLE (Groundball, 56S, EV 71.9 MPH) (infield hit)
|
Batting: LHB Jim Skare
|
0-0: Ball 1-0: Foul Ball, location: 2F 1-1: Fly out, F7 (Flyball, 78M, EV 88.1 MPH)
|
Bottom of the 7th over - 0 runs, 1 hit, 0 errors, 1 left on base; Toronto 7 - New York 2 |
TOP OF THE 8TH |
Toronto Blue Jays batting - Pitching for New York Yankees : LHP David Ibarra
|
Batting: RHB Donny Burnside
|
0-0: Ball 1-0: Foul Ball, location: 2F 1-1: Ball 2-1: Ball 3-1: Base on Balls
|
Batting: LHB Michael Byrd
|
0-0: Foul Ball, location: 2F 0-1: Ball Donny Burnside steals 2nd base 1-1: Foul Ball, location: 2F 1-2: Ball 2-2: Foul Ball, location: 2F 2-2: Strikes out swinging
|
Batting: SHB Mark Rennie
|
0-0: Called Strike 0-1: Ball 1-1: Ball 2-1: Swinging Strike 2-2: Ball Wild Pitch! Donny Burnside to third 3-2: Foul Ball, location: 2F 3-2: Fly out, F7 (Flyball, 78M, EV 93.8 MPH)
|
Batting: RHB Kirk Arp
|
0-0: Fly out, F8 (Flyball, 8RM, EV 89.4 MPH)
|
Top of the 8th over - 0 runs, 0 hits, 0 errors, 1 left on base; Toronto 7 - New York 2 |
BOTTOM OF THE 8TH |
New York Yankees batting - Pitching for Toronto Blue Jays : LHP Stacy Hootentootin
|
Now at 2B: Dylan Novakowski
|
|
Batting: LHB Jordan de Jesus
|
0-0: Fly out, F5 (Line Drive, 5, EV 69.4 MPH)
|
Batting: LHB David Bramble
|
0-0: Called Strike 0-1: Called Strike 0-2: Fly out, F9 (Flyball, 89S, EV 93.1 MPH)
|
Batting: LHB Brad Ritter
|
0-0: Ball 1-0: Ground out U3 (Groundball, 34S, EV 80.6 MPH)
|
Bottom of the 8th over - 0 runs, 0 hits, 0 errors, 0 left on base; Toronto 7 - New York 2 |
TOP OF THE 9TH |
Toronto Blue Jays batting - Pitching for New York Yankees : LHP David Ibarra
|
Batting: SHB Zory Larikov
|
0-0: Fly out, F3 (Popup, 34S, EV 73.8 MPH)
|
Batting: LHB Bob Branham
|
0-0: Ball 1-0: Ball 2-0: Ground out 4-3 (Groundball, 4, EV 106.2 MPH)
|
Batting: RHB Ruben Velasco
|
0-0: Called Strike 0-1: Ball 1-1: Ball 2-1: Foul Ball, location: 2F 2-2: Foul Ball, location: 2F 2-2: Ball 3-2: SOLO HOME RUN (Flyball, 78XD, EV 99.4 MPH), Distance : 418 ft
|
Batting: LHB Jon Schick
|
0-0: Called Strike 0-1: Ball 1-1: Ball 2-1: Fly out, F5 (Popup, 56S, EV 88.8 MPH)
|
Top of the 9th over - 1 run, 1 hit, 0 errors, 0 left on base; Toronto 8 - New York 2 |
BOTTOM OF THE 9TH |
New York Yankees batting - Pitching for Toronto Blue Jays : LHP Stacy Hootentootin
|
Batting: LHB Jason Peck
|
0-0: Ground out 1-3 (Groundball, 34S, EV 73.1 MPH)
|
Batting: RHB C.J. Richerson
|
0-0: Called Strike 0-1: Ground out 4-3 (Groundball, 4D, EV 101.9 MPH)
|
Batting: LHB Evan Torraville
|
0-0: Ball 1-0: Fly out, F9 (Flyball, 9LD, EV 91.2 MPH)
|
Bottom of the 9th over - 0 runs, 0 hits, 0 errors, 0 left on base; Toronto 8 - New York 2 |
|